 Dungeon Crawl Stone Soup version 0.29-a0-409-gd843f3a48c (webtiles) character file.

Game seed: 7382187003586199541

3364 MordorOrchid the Thaumaturge (level 10, -1/70 HPs)
             Began as a Djinni Wanderer on May 13, 2022.
             Was a Follower of Uskayaw.
             Slain by a lemure (4 damage)
             ... led by Pikel
             ... on level 6 of the Dungeon.
             The game lasted 00:37:47 (9720 turns).

MordorOrchid the Thaumaturge (Djinni Wanderer)      Turns: 9720, Time: 00:37:48

Health: -1/70      AC:  6    Str: 12    XL:     10   Next: 23%
Gold:   114        EV: 17    Int: 27    God:    Uskayaw [*.....] SH:  0 Dex:  9

rFire   + + .      SeeInvis .   a - +6 long sword "Ynyt" {freeze, Int+6}
rCold   x . .      Faith    .   (no shield)
rNeg    + . .      Spirit   .   O - +0 leather armour {Will+}
rPois   ∞          Reflect  .   w - +1 helmet
rElec   .          Harm     .   v - +0 cloak
rCorr   .          Rampage  .   (no gloves)
Will    ++...                   (boots unavailable)
Stlth   +.........              (no amulet)
HPRegen 0.21/turn               h - ring of positive energy
MPRegen 0.00/turn               A - +4 ring of evasion

@: flying, invisible
A: sickness immunity, fire resistance 2, cold vulnerability 1, float, innate
caster, HP casting, extra vitality 1
a: Renounce Religion, Stomp


You were on level 6 of the Dungeon.
You worshipped Uskayaw.
Uskayaw was noncommittal.
You visited 2 branches of the dungeon, and saw 8 of its levels.
You also visited: Sewer.

You collected 462 gold pieces.
You spent 348 gold pieces at shops.

Inventory:

Hand Weapons
 a - the +6 long sword "Ynyt" (weapon) {freeze, Int+6}
   (You bought it in a shop on level 6 of the Dungeon)

   It freezes those it strikes, dealing additional cold damage.
   It can also slow down cold-blooded creatures.
   Int:       It affects your intelligence (+6).
 j - a +0 longbow
 l - a +0 short sword
 s - a +2 mace of protection
 y - a +2 dagger of venom
 C - a +0 hand axe of electrocution
 D - a +2 scythe of venom
 Q - a +0 club
Missiles
 d - 296 stones (quivered)
 m - 10 boomerangs
 r - 20 poisoned darts
 H - a curare-tipped dart
Armour
 c - a +0 ring mail
 t - a +0 tower shield
 v - a +0 cloak (worn)
 w - a +1 helmet (worn)
 M - a scarf of harm
 O - a +0 leather armour of willpower (worn)
Magical Staves
 o - a staff of cold
Jewellery
 h - a ring of positive energy (left hand)
 A - a +4 ring of evasion (right hand)
 F - the ring of Yvor {Wiz *Slow Will++}
   (You bought it in a shop on level 6 of the Dungeon)

   [ring of wizardry]

   It improves your spell success rate.
   *Slow:     It may slow you when you take damage.
   Will:      It greatly increases your willpower.
 G - a ring of protection from cold
Wands
 q - a wand of polymorph (9)
Scrolls
 b - 2 scrolls of fog
 e - a scroll of poison
 g - 3 scrolls of teleportation
 p - a scroll of vulnerability
 u - 2 scrolls of blinking
 B - a scroll of enchant armour
 I - a scroll of immolation
 K - 3 scrolls of noise
 P - a scroll of fear {unknown}
Potions
 f - a potion of ambrosia {unknown}
 i - a potion of curing {unknown}
 k - 3 potions of cancellation {unknown}
 n - 2 potions of brilliance
 x - 3 potions of resistance {unknown}
 z - 3 potions of heal wounds {unknown}
 E - a potion of flight {unknown}
 J - 2 potions of mutation {unknown}
 L - a potion of invisibility
 N - a potion of might {unknown}


   Skills:
 - Level 5.1 Fighting
 * Level 4.0 Armour
 * Level 6.1 Dodging
 - Level 1.0 Stealth
 + Level 8.4 Spellcasting
 * Level 1.5 Invocations
 - Level 4.3 Evocations


You had 4 spell levels left.
You knew the following spells:

 Your Spells              Type           Power      Damage    Failure   Level
a - Freeze                Ice            100%       1d11      1%          1
b - Frozen Ramparts       Ice            100%       1d12      1%          3
c - Anguish               Hex/Necr       27%        N/A       1%          4
d - Slow                  Hex            100%       N/A       1%          1
e - Summon Small Mammal   Summ           100%       N/A       1%          1
f - Searing Ray           Conj           100%       2d8       1%          2
g - Leda's Liquefaction   Hex/Erth       27%        N/A       1%          4
p - Poisonous Vapours     Pois/Air       100%       N/A       1%          2
s - Summon Guardian Gole  Hex/Summ       55%        N/A       1%          3

Your spell library contained the following spells:

 Spells                   Type           Power      Damage    Failure   Level


Dungeon Overview and Level Annotations

Branches:
Dungeon (7/15)             Temple (1/1) D:6           Sewer (visited)

Altars:
Ashenzari
Cheibriados
Dithmenos
Elyvilon
Fedhas
Gozag
Hepliaklqana
Makhleb
Nemelex Xobeh
Okawaru
Qazlal
Ru
Sif Muna
Trog
Uskayaw
Vehumet
Wu Jian
Xom
Yredelemnul
Zin
The Shining One

Shops:
D:6 *

Annotations:
D:7 Pikel


Innate Abilities, Weirdness & Mutations

You are immune to sickness and miasma.
You are immune to poison.
Your flesh is very heat resistant. (rF++)
You are vulnerable to cold. (rC-)
You float through the air rather than walking.
You learn spells naturally, not from books.
Your magical power is your life essence.
You have superior vitality. (+4 MHP)


Message History

The lemure closely misses you. The wight closely misses you.
The lemure misses you. The wight misses you.
The kobold hits you but does no damage.
Unknown command.
You slash the wight!
You destroy the wight!
The lemure misses you. The lemure completely misses you.
Unknown command.
You hit the lemure. You freeze the lemure.
The lemure is moderately wounded.
The lemure misses you. The lemure hits you.
* * * LOW HITPOINT WARNING * * *
The kobold barely misses you.
Uskayaw will force your foes to helplessly watch your dance.
Uskayaw prepares the audience for your solo!
Things that are here:
a +5 hand axe; a +0 robe; a +0 dagger The lemure is no longer paralysed.
The kobold is no longer paralysed.
The lemure is no longer paralysed.
The wight is no longer paralysed.
The lemure hits you.
* * * LOW HITPOINT WARNING * * *
You can no longer pass through a line of other dancers.
Casting: Frozen Ramparts (safe; 1% risk of failure)
Confirm with . or Enter, or press ? or * to list all spells.
Aiming: Slow (safe; 1% risk of failure)
Press: ? - help, Shift-Dir - straight line, f - lemure
Aim: a lemure (moderately wounded, can't see you, chance to affect: 64%)
The lemure seems to slow down.
* * * LOW HITPOINT WARNING * * *
The lemure closely misses you.
Unknown command.
Casting: Slow (safe; 1% risk of failure)
Confirm with . or Enter, or press ? or * to list all spells.
Aiming: Slow (safe; 1% risk of failure)
Press: ? - help, Shift-Dir - straight line, f/p - lemure
Aim: a lemure (moderately wounded, can't see you, slow, chance to affect: 64%)
The lemure seems to slow down.
* * * LOW HITPOINT WARNING * * *
The lemure hits you.
You die...

.#...##.##≈##≈#÷#......####..#..#
.....##≈#≈#.#≈#.###.....####.#...
....###≈#≈#.#≈#≈#........##....#.
#...# #≈#≈###≈#≈#...###...#...###
###.# #≈#≈≈≈≈##≈#............## #
#.###≈#######≈#.Kz.#......## #
#...##≈≈≈≈≈≈≈###5..#.###...## #
#....#########.5...#........###
#.#### #......@.......#......##
##.# ##.....##..###.#.###...#
#..# ##.....##......#........
##.## ##.....###...#.....#.....
#..# ##..###).##...#.###.#.###.
#..# ##..## ##.##...#.....#.....
..#####..## #..#......#.....#..
...##<..## ##.)..###.#.###.#..
.......## ##........#.....#..


You could see 2 lemures, a wight (can't see you) and a kobold (can't see you).

Vanquished Creatures
  Sigmund (D:5)
  5 yaks (D:5)
  A water moccasin (D:7)
  A black bear (D:6)
  An orc warrior (D:5)
  An ice beast (D:6)
  An ogre (D:5)
  A lemure (D:6)
  3 centaurs
  A phantom (D:7)
  4 kobold brigands
  A bullfrog (D:7)
  5 scorpions
  A wight (D:6)
  2 hounds
  3 orc priests
  A jelly (D:6)
  5 iguanas
  3 orc wizards
  Terence (D:2)
  Robin (D:3)
  7 gnolls
  9 adders
  8 river rats
  3 shadow imps
  A white imp (D:5)
  3 ufetubi (D:6)
  A worm (D:5)
  3 dart slugs
  13 orcs
  3 bats
  8 endoplasms
  5 giant cockroaches
  8 goblins
  6 hobgoblins
  4 quokkas
  8 ball pythons
  2 frilled lizards
  20 kobolds
  20 rats
175 creatures vanquished.

Vanquished Creatures (collateral kills)
  2 adders
  A worm (D:3)
  A dart slug (D:2)
  4 endoplasms
  A goblin (D:1)
  2 hobgoblins
  5 kobolds (D:1)
  A quokka (D:1)
  A bat (D:1)
18 creatures vanquished.

Vanquished Creatures (others)
  A centaur (D:6)
  2 scorpions (D:6)
  A white imp (D:6)
4 creatures vanquished.

Grand Total: 197 creatures vanquished

Notes
Turn   | Place    | Note
-------+----------+-------------------------------------------
     0 | D:1      | MordorOrchid the Djinni Wanderer began the quest for the
                  | Orb.
     0 | D:1      | Reached XP level 1. HP: 15/15 MP: 0/0
   220 | D:1      | Reached skill level 1 in Dodging
   220 | D:1      | Reached XP level 2. HP: 14/22 MP: 0/0
   370 | D:1      | Reached skill level 1 in Fighting
   891 | D:1      | Found a faded altar of an unknown god.
  1024 | D:1      | Reached XP level 3. HP: 21/27 MP: 0/0
  1024 | D:1      | Learned a level 1 spell: Freeze
  1508 | D:2      | Reached XP level 4. HP: 28/33 MP: 0/0
  2005 | D:2      | Noticed Terence
  2049 | D:2      | Killed Terence
  3004 | D:3      | Reached XP level 5. HP: 34/38 MP: 0/0
  3004 | D:3      | Learned a level 2 spell: Searing Ray
  3094 | D:3      | Reached skill level 4 in Spellcasting
  3107 | D:3      | Noticed Robin
  3118 | D:3      | Killed Robin
  3360 | D:3      | Noticed a centaur
  3372 | D:3      | Killed a centaur
  3373 | D:3      | Reached XP level 6. HP: 26/45 MP: 0/0
  4304 | D:4      | Reached skill level 5 in Spellcasting
  4332 | D:4      | Reached XP level 7. HP: 49/49 MP: 0/0
  4332 | D:4      | Learned a level 2 spell: Poisonous Vapours
  5157 | D:5      | Entered Level 5 of the Dungeon
  5376 | D:5      | Noticed Grinder
  5402 | D:5      | Noticed Grinder
  5402 | D:5      | Grinder changed into Grinder the white imp
  5407 | D:5      | Killed Grinder the white imp
  5760 | D:5      | Reached XP level 8. HP: 56/58 MP: 0/0
  5821 | D:5      | Noticed Sigmund
  5844 | D:5      | Killed Sigmund
  5845 | D:5      | Reached skill level 6 in Spellcasting
  6014 | D:5      | Noticed a yak
  6053 | D:5      | Killed a yak
  6203 | D:5      | Noticed a yak
  6203 | D:5      | Noticed a yak
  6203 | D:5      | Noticed a yak
  6203 | D:5      | Noticed a yak
  6253 | D:5      | Killed a yak
  6275 | D:5      | Killed a yak
  6276 | D:5      | Reached XP level 9. HP: 62/63 MP: 0/0
  6276 | D:5      | Learned a level 3 spell: Frozen Ramparts
  6292 | D:5      | Reached skill level 7 in Spellcasting
  6674 | D:5      | Reached skill level 5 in Dodging
  6873 | D:6      | Found Riycwea's Assorted Antiques.
  6881 | D:6      | Bought a sparkling jade ring for 120 gold pieces
  6881 | D:6      | Identified the ring of Yvor {Wiz *Slow Will++} (You bought
                  | it in a shop on level 6 of the Dungeon)
  6993 | D:6      | Found a glowing drain.
  7039 | Sewer    | Entered a sewer
  7306 | Sewer    | Reached skill level 5 in Fighting
  8178 | D:6      | Reached skill level 8 in Spellcasting
  8304 | D:6      | Reached XP level 10. HP: 64/70 MP: 0/0
  8404 | D:6      | Found a staircase to the Ecumenical Temple.
  8408 | Temple   | Entered the Ecumenical Temple
  8518 | Temple   | Became a worshipper of Uskayaw the Reveller
  8610 | D:6      | Reached * piety under Uskayaw
  9426 | D:7      | Reached ** piety under Uskayaw
  9534 | D:6      | Bought a scroll labelled VAPINE SEWNILA for 24 gold pieces
  9534 | D:6      | Bought a twisted long sword for 204 gold pieces
  9534 | D:6      | Identified the +6 long sword "Ynyt" {freeze, Int+6} (You
                  | bought it in a shop on level 6 of the Dungeon)
  9559 | D:7      | Reached skill level 1 in Invocations
  9559 | D:7      | Reached *** piety under Uskayaw
  9646 | D:7      | Noticed a cyclops
  9662 | D:7      | Noticed Pikel
  9709 | D:6      | HP: 3/70 [lemure[Pikel] (4)]
  9720 | D:6      | Slain by a lemure

Illustrated notes

Levels and vault maps discovered:
D:1:      dpeg_arrival_solitude, layout_rooms, basic_ecumenical_altar
D:2:      layout_basic, uniq_terence
D:3:      layout_rooms, uniq_robin
D:4:      layout_layer_cave, nicolae_elevator_lobby_plus
D:5:      layout_basic, uniq_sigmund, uniq_grinder
D:6:      hangedman_cross_stitches, layout_layer_cave, temple_statues,
          gup_sewer_entry_spiral, serial_shops, shop
D:7:      hellmonk_ruined_rings, layout_rooms, interstate_on_off, uniq_pikel
Temple:   kilobyte_greek_temple

Skill      XL: |  1  2  3  4  5  6  7  8  9 10 |
---------------+-------------------------------+-----
Dodging        | 1 2 3 4 5 6 |  6.1
Fighting       | 1 2 3 4 5 |  5.1
Spellcasting   | 4 5 6 8 |  8.4
Evocations     | 3 4 |  4.3
Invocations    | 1 |  1.5
Armour         | 4 |  4.0
Stealth        | |  1.0

Action                   |  1- 3 |  4- 6 |  7- 9 | 10-12 || total
-------------------------+-------+-------+-------+-------++-------
Melee: Club              |    42 |       |       |       ||    42
       Short sword       |    20 |    22 |       |       ||    42
       Punch             |     1 |     2 |       |       ||     3
       Scythe            |       |       |     7 |       ||     7
       Long sword        |       |       |       |    14 ||    14
 Fire: Longbow           |       |    45 |   114 |    23 ||   182
Throw: Stone             |    34 |    11 |       |       ||    45
 Cast: Slow              |    25 |    18 |    33 |    14 ||    90
       Summon Small Mamm |    14 |    15 |     4 |       ||    33
       Freeze            |     7 |    32 |    24 |       ||    63
       Searing Ray       |       |     4 |    12 |     4 ||    20
       Poisonous Vapours |       |       |    39 |     7 ||    46
       Frozen Ramparts   |       |       |    15 |     7 ||    22
       Summon Guardian G |       |       |     2 |     4 ||     6
Evoke: Wand              |       |       |     1 |       ||     1
  Use: Scroll            |     1 |     8 |     1 |     2 ||    12
       Potion            |       |       |       |     2 ||     2
 Stab: Distracted        |       |     1 |       |       ||     1
       Paralysed         |       |       |       |     1 ||     1
Armor: Ring mail         |    37 |    30 |    32 |     2 ||   101
       Leather armour    |       |       |       |    16 ||    16
Dodge: Dodged            |    36 |    24 |   102 |    97 ||   259

Table legend: (Time is in decaauts)
 A = Elapsed time spent in this place.
 B = Non-inter-level travel time spent in this place.
 C = Inter-level travel time spent in this place.
 D = Time resting spent in this place.
 E = Time spent auto-exploring this place.
 F = Levels seen in this place.
 G = Mean time per level.
                   A        B        C        D        E       F      G
               +--------+--------+--------+--------+--------+-----+--------+
         Total |   9918 |   9508 |    410 |    353 |   7142 |   9 | 1102.0 |
       Dungeon |   9216 |   8848 |    368 |    353 |   6741 |   7 | 1316.6 |
        Temple |    152 |    110 |     42 |      0 |     94 |   1 |  152.0 |
         Sewer |    549 |    549 |      0 |      0 |    307 |   1 |  549.0 |
               +--------+--------+--------+--------+--------+-----+--------+

Top non-repeatable levels by time:
     D:5: 2041 daAuts
     D:6: 1732 daAuts
     D:2: 1723 daAuts
     D:4: 1380 daAuts
     D:1: 1232 daAuts
     D:3: 891 daAuts
   Sewer: 549 daAuts
     D:7: 212 daAuts
  Temple: 152 daAuts
